 Dungeon Crawl Stone Soup version 0.29.1-15-g9cfb28693d (webtiles) character file.

Game seed: 206475184327299333

557728 mrgoodbar64 the Slayer (level 27, -9/228 HPs)
             Began as a Djinni Conjurer on Mar 7, 2023.
             Was the Champion of Ashenzari.
             Killed from afar by a purple draconian (24 damage)
             ... with a bolt of dispelling energy
             ... led by a yellow draconian annihilator
             ... on level 3 of the Realm of Zot on Mar 12, 2023.
             The game lasted 19:53:01 (96597 turns).

mrgoodbar64 the Slayer (Djinni Conjurer)           Turns: 96597, Time: 19:53:02

Health: -9/228     AC: 36    Str: 12      XL:     27
Gold:   1752       EV:  9    Int: 36 (37) God:    Ashenzari [******] SH: 26 Dex: 11

rFire   + + +      SeeInvis +   a - +7 falchion "Revealing Sybil" {flame, Drain rElec rF- rN++, Range, Evo} (curse)
rCold   + + .      Faith    .   O - +1 tower shield of the Fated Ordeal {AC+3, Cun, Self} (curse)
rNeg    + + +      Spirit   +   m - +4 plate armour of the Eye in the Sky {Will+, Evo, Self} (curse)
rPois   ∞          Reflect  +   y - +2 hat of the Bear Spirit {Spirit, *Rage Will++, Self, Range} (curse)
rElec   +          Harm     .   R - +2 cloak "Yoke of Ashenzari" {Fort, Cun} (curse)
rCorr   +          Rampage  .   U - +2 pair of gloves of Supernal Wisdom {Fort, Evo} (curse)
Will    ++++.      Clarity  +   (boots unavailable)
Stlth   +.........              t - amulet of the Unveiling Vision {Reflect SH+5, Self, Cun} (curse)
HPRegen 0.48/turn               N - ring of Ashenzari's Jealousy {rF+ rC++ Will- Int+8, Range, Fort} (curse)
MPRegen 0.00/turn               S - ring "Mantic the Doldrums" {rN++ rCorr Int+2 Dex-2, Melee, Evo} (curse)

@: resistant (expiring), frozen, flying, studying Fighting, very slow
A: sickness immunity, fire resistance 2, cold vulnerability 1, float, innate
caster, HP casting, extra vitality 1, horns 1, screaming 1
}: 3/15 runes: serpentine, barnacled, slimy
a: Renounce Religion, Shatter the Chains


You were on level 3 of the Realm of Zot.
You worshipped Ashenzari.
Ashenzari was exalted by your worship.
You visited 12 branches of the dungeon, and saw 51 of its levels.
You visited 1 bazaar.
You also visited: Trove, Sewer, Ice Cave, Wizlab and Desolation.

You collected 5812 gold pieces.
You spent 4060 gold pieces at shops.

Inventory:

Hand Weapons
 a - the cursed +7 falchion "Revealing Sybil" (weapon) {flame, Drain rElec rF- rN++, Range, Evo}
   (You found it on level 5 of the Lair of Beasts)

   It burns those it strikes, dealing additional fire damage.
   Big, fiery blades are also staple armaments of hydra-hunters.
   rF:        It makes you vulnerable to fire.
   rElec:     It insulates you from electricity.
   rN:        It greatly protects you from negative energy.
   Drain:     It drains your maximum health when unequipped.
   It has a curse which improves the following skills: Ranged Combat: Ranged
   Weapons and Throwing.
   Evocations: Evocations.
 d - the +1 sling "Gityve" {flame, rC++ Int+2 Dex-5}
   (You found it on level 3 of the Elven Halls)

   Any ammunition fired from it burns those it strikes, dealing additional fire
   damage.
   Int:       It affects your intelligence (+2).
   Dex:       It affects your dexterity (-5).
   rC:        It greatly protects you from cold.
 J - a +9 antimagic long sword
Missiles
 A - 66 poisoned darts
 M - 6 atropa-tipped darts
 Q - 10 curare-tipped darts
Armour
 g - +1 storm dragon scales
 m - the cursed +4 plate armour of the Eye in the Sky (worn) {Will+, Evo, Self}
   (You found it on level 9 of the Dungeon)

   It has a curse which improves the following skills: Evocations: Evocations.
   Introspection: Fighting and Spellcasting.
 y - the cursed +2 hat of the Bear Spirit (worn) {Spirit, *Rage Will++, Self, Range}
   (You found it on level 2 of the Shoals)

   Going berserk makes the wearer tougher, and they're slowed less afterward.
   *Rage:     It berserks you when you make melee attacks (+20% chance).
   Will:      It greatly increases your willpower.
   It has a curse which improves the following skills: Introspection: Fighting
   and Spellcasting.
   Ranged Combat: Ranged Weapons and Throwing.
 C - a +2 pair of gloves
 O - the cursed +1 tower shield of the Fated Ordeal (worn) {AC+3, Cun, Self}
   (You took it off a naga warrior on level 2 of the Snake Pit)

   It has a curse which improves the following skills: Cunning: Dodging and
   Stealth.
   Introspection: Fighting and Spellcasting.
 R - the cursed +2 cloak "Yoke of Ashenzari" (worn) {Fort, Cun}
   (You took it off Nikola on level 2 of the Shoals)

   It has a curse which improves the following skills: Fortitude: Armour and
   Shields.
   Cunning:   Dodging and Stealth.
 U - the cursed +2 pair of gloves of Supernal Wisdom (worn) {Fort, Evo}
   (You took it off Nikola on level 2 of the Shoals)

   It has a curse which improves the following skills: Fortitude: Armour and
   Shields.
   Evocations: Evocations.
Magical Staves
 H - a staff of conjuration
Jewellery
 l - the ring of Moral Flaws {+Blink rC+ Int+4 Dex+6}
   (You acquired it on level 1 of the Depths)

   [ring of dexterity]

   Int:       It affects your intelligence (+4).
   Dex:       It affects your dexterity (+6).
   rC:        It protects you from cold.
   +Blink:    It lets you blink.
 t - the cursed amulet of the Unveiling Vision (around neck) {Reflect SH+5, Self, Cun}
   (You took it off an ironbound preserver on level 2 of the Vaults)

   [amulet of reflection]

   It reflects blocked missile attacks.
   SH:        It affects your SH (+5).
   It has a curse which improves the following skills: Introspection: Fighting
   and Spellcasting.
   Cunning:   Dodging and Stealth.
 B - a +6 ring of intelligence
 E - the ring "Ynemasaruf" {Wiz rF++ Str-4}
   (You found it on level 2 of the Realm of Zot)

   [ring of wizardry]

   It improves your spell success rate.
   Str:       It affects your strength (-4).
   rF:        It greatly protects you from fire.
 L - the ring of Cauh Paq {rPois rN+ rCorr Dex+4}
   (You found it on level 5 of the Pits of Slime)

   [ring of poison resistance]

   Dex:       It affects your dexterity (+4).
   rPois:     It protects you from poison.
   rN:        It protects you from negative energy.
   rCorr:     It protects you from acid and corrosion.
 N - the cursed ring of Ashenzari's Jealousy (left hand) {rF+ rC++ Will- Int+8, Range, Fort}
   (You bought it in a shop on level 4 of the Dungeon)

   [ring of protection from fire]

   Int:       It affects your intelligence (+8).
   rF:        It protects you from fire.
   rC:        It greatly protects you from cold.
   Will:      It decreases your willpower.
   It has a curse which improves the following skills: Ranged Combat: Ranged
   Weapons and Throwing.
   Fortitude: Armour and Shields.
 S - the cursed ring "Mantic the Doldrums" (right hand) {rN++ rCorr Int+2 Dex-2, Melee, Evo}
   (You acquired it on level 2 of the Depths)

   [ring of resist corrosion]

   Int:       It affects your intelligence (+2).
   Dex:       It affects your dexterity (-2).
   rN:        It greatly protects you from negative energy.
   rCorr:     It protects you from acid and corrosion.
   It has a curse which improves the following skills: Melee Combat: Short
   Blades, Long Blades, Axes, Maces & Flails, Polearms, Staves and Unarmed
   Combat.
   Evocations: Evocations.
 W - a +6 ring of strength
 Y - the amulet "Dauwk" {rF+ Regen+ SInv Stlth+}
   (You took it off a deep elf annihilator on level 3 of the Elven Halls)

   [amulet of regeneration]

   rF:        It protects you from fire.
   SInv:      It lets you see invisible.
   Regen:     It increases your rate of health regeneration.
   Stlth:     It makes you more stealthy.
Wands
 p - a wand of acid (17)
 s - a wand of iceblast (7)
 w - a wand of charming (36)
 K - a wand of flame (60)
Scrolls
 e - 13 scrolls of teleportation
 f - 4 scrolls of fog
 k - 9 scrolls of poison
 q - 4 scrolls of blinking
 r - 6 scrolls of fear
 D - 3 scrolls of magic mapping
 G - 7 scrolls of vulnerability
 V - a scroll of summoning
 X - 2 scrolls of silence
 Z - 5 scrolls of immolation
Potions
 c - 5 potions of cancellation
 h - 6 potions of haste
 j - 4 potions of invisibility
 n - 5 potions of brilliance
 o - 9 potions of ambrosia
 u - 8 potions of mutation
 v - 14 potions of might
 F - 2 potions of heal wounds
 I - 7 potions of attraction
 P - 3 potions of resistance
Miscellaneous
 b - a phial of floods
 i - a phantom mirror
 x - a condenser vane
 z - the horn of Geryon
 T - a tin of tremorstones (2/2)


   Skills:
 + Level 21.6(27) Fighting
 - Level 1.0(2.5) Axes
 - Level 2.0(5.5) Ranged Weapons
 - Level 2.0(5.5) Throwing
 + Level 16.5(21.5) Armour
 - Level 17.6(22.5) Dodging
 - Level 10.0(15.1) Stealth
 - Level 15.0(20.0) Shields
 - Level 6.5(9.2) Unarmed Combat
 - Level 21.4(27) Spellcasting
 - Level 6.5(12.5) Evocations


You couldn't memorise any spells.
You knew the following spells:

 Your Spells              Type           Power      Damage    Failure   Level
a - Apportation           Tloc           100%       N/A       0%          1
b - Passage of Golubria   Tloc           100%       N/A       0%          4
c - Haunt                 Necr/Summ      63%        N/A       1%          7
d - Dazzling Flash        Conj/Hex       100%       N/A       0%          3
e - Summon Horrible Thin  Summ           63%        N/A       1%          8
f - Dragon's Call         Summ           63%        N/A       24%         9
m - Magic Dart            Conj           100%       1d8       0%          1
n - Necromutation         Tmut/Necr      63%        N/A       1%          8
p - Petrify               Tmut/Erth      100%       N/A       0%          4
s - Searing Ray           Conj           100%       2d8       0%          2
B - Conjure Ball Lightni  Conj/Air       63%        3x3d23    1%          6
C - Borgnjor's Vile Clut  Necr/Erth      63%        N/A       0%          5
D - Dragon Form           Tmut           63%        N/A       1%          7
H - Ensorcelled Hibernat  Hex/Ice        100%       N/A       0%          2
M - Iskenderun's Mystic   Conj/Tloc      100%       2d19      0%          4
P - Fulminant Prism       Conj/Hex       63%        3d27      0%          4
R - Ozocubu's Refrigerat  Ice            63%        4d21      1%          7
S - Static Discharge      Conj/Air       100%       3-16/arc  0%          2
Your spell library was empty.

Dungeon Overview and Level Annotations

Branches:
Dungeon (15/15)            Temple (1/1) D:7            Lair (5/5) D:8
 Shoals (4/4) Lair:3        Snake (4/4) Lair:3        Slime (5/5) Lair:4
    Orc (2/2) D:12            Elf (3/3) Orc:2        Vaults (4/5) D:14
  Crypt (0/3) Vaults:2     Depths (4/4) D:15           Hell (visited)
    Zot (3/5) Depths:4      Sewer (visited)           IceCv (visited)
 WizLab (visited)         Desolation (visited)
    Dis: Hell:1         Geh: Hell:1         Coc: Hell:1         Tar: Hell:1

Altars:
Ashenzari
Cheibriados
Dithmenos
Elyvilon
Fedhas
Gozag
Hepliaklqana
Makhleb
Nemelex Xobeh
Okawaru
Qazlal
Ru
Trog
Uskayaw
Wu Jian
Xom
Yredelemnul
Zin
The Shining One
Jiyva

Shops:
D:4 =   D:5 *   Orc:1 =   Orc:2 ((!   Shoals:4 (([(

Portals:
Hell: Depths:1 Depths:2 Depths:3 Depths:4
Abyss: Depths:1 Depths:3 Depths:4
Pandemonium: Depths:2
Ziggurat: Depths:3


Innate Abilities, Weirdness & Mutations

You are immune to sickness and miasma.
You are immune to poison.
Your flesh is very heat resistant. (rF++)
You are vulnerable to cold. (rC-)
You float through the air rather than walking.
You learn spells naturally, not from books.
Your magical power is your life essence.
You have superior vitality. (+4 MHP)
You have a pair of small horns on your head.
You occasionally shout uncontrollably at your foes.


Message History

Your fulminant prism explodes!
The blast of energy engulfs the green draconian!!!
You kill the green draconian!
The blast of energy engulfs the green draconian monk!!!
You kill the green draconian monk!
You hear a roar!
Aiming: Fulminant Prism (safe; 0% risk of failure)
Press: ? - help, Dir - move target You conjure a prism of explosive energy!
A fulminant prism comes into view.
Your fulminant prism crackles loudly.
Aiming: Fulminant Prism (safe; 0% risk of failure)
Press: ? - help, Dir - move target You conjure a prism of explosive energy!
* * * LOW HITPOINT WARNING * * *
A fulminant prism comes into view.
The white draconian stormcaller mumbles some strange prayers to Qazlal against you.
The cutting wind hits you but does no damage.
Your fulminant prism explodes!
The blast of energy engulfs the white draconian stormcaller!!!
The white draconian stormcaller is severely wounded.
The blast of energy engulfs the purple draconian!!!
The purple draconian is almost dead.
You hear a roar! x2
Really fly into that cloud of thunder?
Okay, then.
You feel protected.
The white draconian stormcaller mumbles some strange prayers to Qazlal against you.
The cutting wind hits you!
* * * LOW HITPOINT WARNING * * *
Your fulminant prism crackles loudly.
You feel much better.
You are standing in a thunderstorm.
The white draconian stormcaller invokes the aid of Qazlal against you.
The blast of ice hits you!! You partially resist.
* * * LOW HITPOINT WARNING * * *
You are encased in ice.
The purple draconian breathes dispelling energy at you.
The bolt of dispelling energy hits you!!
Your magical effects are unravelling.
You die...

##################
####################
##.q.{{.{.q........####
{{{{{°####.d..........###
d#########.[..*.........##*
##########.........####...#**
###............§.§.######...**
.......#######..@§...######..***
..##***##########§.....#####.,,**
...#****#########........####,,,*
...#,,,,...................##**,,
.....,,,*####...............#***,
...##**** ###.<..........##..#**,
...#******###......#.....###..#,,
....#,,∆,,........####...####..,,
.....,,,,..........#####..###*,,,


You could see a purple draconian (catching breath), a white draconian
stormcaller (ally target) and a friendly fulminant prism.

Vanquished Creatures
  the Royal Jelly (Slime:5)
  A dread lich (Vaults:1)
  Mara (Shoals:3)
  Bai Suzhen (Shoals:3)
  Boris (Depths:3)
  3 Killer Klowns (Zot:2)
  Saint Roka (Depths:1)
  3 caustic shrikes (Depths:4)
  Jory (Depths:3)
  Nikola (Shoals:2)
  2 golden dragons (Zot:1)
  the Enchantress (Depths:1)
  2 doom hounds (Depths:3)
  A Cloud Mage (WizLab)
  Jorgrun (Shoals:3)
  3 hellephants
  2 tentacled monstrosities
  A walking crystal tome (Depths:1)
  Mlioglotl (Shoals:1)
  Asterion (Elf:1)
  A walking frostbound tome (Depths:4)
  3 deep elf master archers
  11 acid blobs
  A quicksilver dragon (Zot:1)
  Grunn (Depths:3)
  3 titans
  3 death cobs
  2 deep elf blademasters (Elf:2)
  Frances (Shoals:2)
  Kirke (D:12)
  8 sphinxes
  3 storm dragons
  4 shadow dragons
  2 draconian monks
  2 tengu reavers
  2 nagarajas (Snake:4)
  13 rockslimes
  A draconian knight (Zot:1)
  11 deep elf sorcerers
  18 azure jellies
  3 draconian scorchers (Zot:1)
  5 fire giants
  A caustic shrike zombie (Depths:3)
  An imperial myrmidon (Desolation)
  8 frost giants
  10 vault wardens
  A curse skull (Vaults:2)
  2 orc warlords
  3 deep elf elementalists (Elf:3)
  6 angels
  4 draconian stormcallers
  11 ironbound preservers
  2 ghost moths (Zot:1)
  9 quicksilver oozes
  14 very ugly things
  2 ironbound thunderhulks
  5 spriggan defenders
  11 stone giants
  2 halazid warlocks (Desolation)
  2 vampire knights
  6 deep elf annihilators
  9 black draconians
  2 entropy weavers (Vaults:3)
  5 purple draconians
  7 yellow draconians
  3 white draconians
  2 deep elf demonologists (Elf:3)
  Azrael (D:12)
  5 green draconians
  4 spark wasps
  A merfolk javelineer (Shoals:4)
  2 red draconians (Depths:4)
  3 dire elephants
  7 blizzard demons
  2 crystal guardians (Desolation)
  6 deep elf death magi
  An eidolon (Vaults:2)
  3 ettins
  12 merfolk impalers
  2 fire dragons
  6 deep elf high priests (Elf:3)
  3 ragged hierophants (Desolation)
  7 great orbs of eyes
  3 rakshasas
  Josephine (D:13)
  7 yaktaur captains
  4 servants of whispers (Desolation)
  7 ice dragons
  A hell beast (Depths:3)
  5 boulder beetles
  4 salamander tyrants (Snake:4)
  2 vault guards (Vaults:2)
  A ghost crab (WizLab)
  8 hydras
  12 anacondas
  5 merfolk avatars
  4 spriggan air magi
  10 ironbound frosthearts
  8 centaur warriors
  3 peacekeepers (Desolation)
  13 two-headed ogres
  A merfolk aquamancer (Shoals:4)
  2 ogre magi
  14 naga warriors
  9 death yaks
  25 dancing weapons
  2 deep troll shamans
  A satyr (Shoals:3)
  5 alligator snapping turtles
  5 tengu warriors
  A vampire mage (D:15)
  5 orc high priests (Orc:2)
  10 hell hogs
  Urug (D:12)
  5 soul eaters
  3 spriggan berserkers (Depths:1)
  5 deep troll earth magi
  9 shock serpents
  21 naga sharpshooters
  Amaemon (Lair:2)
  Nergalle (Orc:1)
  Sonja (Lair:4)
  23 deep elf knights
  7 hell knights
  2 sun demons (Hell)
  6 salamander mystics
  2 iron trolls
  6 skeletal warriors
  A titan skeleton (D:15)
  14 deep elf archers
  A glowing orange brain (shapeshifter) (Vaults:3)
  2 death drakes (WizLab)
  41 deep trolls
  7 sea snakes
  5 naga ritualists
  3 glowing orange brains
  22 ironbound convokers
  22 deep elf zephyrmancers
  5 lindwurms (Vaults:1)
  8 orc knights
  10 wizards
  A lindwurm (shapeshifter) (Elf:2)
  10 necromancers
  18 harpies
  11 mana vipers
  36 ugly things
  34 deep elf pyromancers
  A tengu skeleton (Vaults:3)
  4 cyclopes
  6 shining eyes
  10 fauns
  16 manticores
  6 orc sorcerers
  A frost giant zombie (D:15)
  2 stone giant zombies (Vaults:3)
  A nameless horror (Depths:3)
  28 salamanders
  Joseph (D:8)
  6 water nymphs
  9 merfolk sirens
  8 moths of wrath
  13 vault sentinels
  6 eyes of devastation
  12 guardian serpents
  3 molten gargoyles
  4 apocalypse crabs (WizLab)
  An ice statue (IceCv)
  20 naga magi
  8 smoke demons
  22 black mambas
  2 elephants (Lair:5)
  4 gargoyles
  3 orange demons
  3 hellions (Hell)
  11 cane toads
  2 rime drakes (Lair:5)
  2 unseen horror zombies (D:8)
  23 yaktaurs
  3 unseen horrors
  3 tengu conjurers
  A kobold demonologist (D:10)
  A spriggan zombie (D:15)
  Psyche (D:12)
  An ice devil (Hell)
  A freezing wraith (IceCv)
  5 komodo dragons
  2 red devils (Hell)
  14 wind drakes
  7 trolls
  3 hornets
  A polar bear (Lair:3)
  38 saltlings
  15 merfolk
  Prince Ribbit (D:9)
  A wind drake (shapeshifter) (D:14)
  A yaktaur skeleton (Vaults:3)
  13 dream sheep
  An ettin zombie (D:15)
  70 slime creatures
  11 blink frogs
  16 snapping turtles
  A centaur simulacrum (D:15)
  Sigmund (D:6)
  A culicivora (Vaults:3)
  A jumping spider (shapeshifter) (Elf:3)
  3 wraiths (D:13)
  2 shadows
  4 water elementals
  Eustachio (D:5)
  3 spriggans
  13 air elementals
  65 yaks
  9 fire elementals
  8 basilisks
  7 wyverns
  A basilisk (shapeshifter) (Elf:2)
  8 golden eyes (Slime:5)
  3 vampire mosquitoes (D:14)
  6 steam dragons
  7 hogs (D:12)
  3 redbacks (Vaults:3)
  An ogre zombie (Vaults:3)
  A harpy simulacrum (D:14)
  2 wargs (Orc:2)
  42 nagas
  14 water moccasins
  4 hell hounds (D:12)
  A floating eye (Slime:4)
  A floating eye (shapeshifter) (Vaults:3)
  42 orc warriors
  2 black bears (Lair:1)
  An ice beast (D:6)
  Pargi (Sewer)
  7 sky beasts
  19 wolves
  12 ogres
  10 centaurs
  6 kobold brigands
  2 necrophages (D:6)
  A cane toad simulacrum (IceCv)
  3 gnoll sergeants
  9 bullfrogs
  2 earth elementals (Elf:1)
  8 scorpions
  16 wights
  4 killer bees (D:10)
  9 electric eels
  A howler monkey (D:10)
  4 centaur zombies (D:8)
  37 orc priests
  A jelly (D:8)
  Crazy Yiuf (D:3)
  6 hounds
  3 iguanas
  20 orc wizards
  2 polar bear simulacra (IceCv)
  2 wolf simulacra (IceCv)
  A killer bee zombie (D:8)
  A howler monkey zombie (D:8)
  10 gnolls
  10 adders
  A shadow imp (D:7)
  2 white imps (D:6)
  An ufetubus (D:4)
  6 worms
  A worm (shapeshifter) (Depths:4)
  A dart slug (D:4)
  116 orcs
  6 ball pythons
  6 bats
  2 endoplasms
  4 giant cockroaches
  7 goblins
  8 hobgoblins
  6 quokkas
  2 frilled lizards (D:2)
  36 kobolds
  11 rats
  11 fulminant prisms
1984 creatures vanquished.

Vanquished Creatures (collateral kills)
  Margery (Depths:3)
  Geryon (Hell)
  A golden dragon (Zot:1)
  A Tzitzimitl (Depths:2)
  8 acid blobs (Slime:5)
  3 death cobs
  A sphinx (Depths:3)
  2 shadow dragons
  2 storm dragons (Zot:1)
  3 rockslimes (Slime:5)
  A fire giant (Depths:2)
  2 draconian stormcallers
  A draconian scorcher (Zot:1)
  A draconian annihilator (Zot:2)
  3 reapers
  4 draconian shifters
  A stone giant (Depths:2)
  A putrid mouth (Depths:2)
  8 spark wasps
  A red draconian (Zot:1)
  2 yellow draconians
  A white draconian (Zot:2)
  An ettin (Depths:2)
  An iron golem (Depths:3)
  A fire dragon (Depths:2)
  2 rakshasas (Depths:2)
  An ice dragon (Depths:4)
  A hell hog (Hell)
  2 deep troll shamans
  A hell knight (Depths:3)
  2 tengu warriors (Depths:2)
  2 deep troll earth magi
  3 soul eaters (Hell)
  2 deep trolls
  An iron troll (Depths:2)
  A spark wasp zombie (Depths:3)
  A necromancer (Depths:3)
  2 phantasmal warriors (Depths:3)
  A sphinx skeleton (Depths:3)
  A rust devil (Hell)
  2 freezing wraiths
  An ice devil (Hell)
  A nameless horror (Depths:3)
  A glowing shapeshifter zombie (Depths:3)
  A warg (shapeshifter) (Depths:2)
81 creatures vanquished.

Vanquished Creatures (others)
  A putrid mouth (Depths:3)
  A steelbarb worm (shapeshifter) (D:9)
  A manticore (D:9)
  An apocalypse crab (WizLab)
  A water elemental (Elf:3)
  An orc (Orc:2)
  6 ball lightnings
  A bush (Lair:2)
  1750 fulminant prisms
  64 fungi
  2 pillars of salt (Zot:2)
  230 plants
  7 withered plants
2066 creatures vanquished.

Grand Total: 4131 creatures vanquished

Notes
Turn   | Place    | Note
-------+----------+-------------------------------------------
     0 | D:1      | mrgoodbar64 the Djinni Conjurer began the quest for the
                  | Orb.
     0 | D:1      | mrgoodbar64 set off with the following spells memorised:
                  | Magic Dart, Searing Ray, Dazzling Flash, Fulminant Prism,
                  | Iskenderun's Mystic Blast.
     0 | D:1      | Reached XP level 1. HP: 15/15 MP: 0/0
   550 | D:1      | Reached XP level 2. HP: 17/21 MP: 0/0
   986 | D:1      | Found a faded altar of an unknown god.
  1338 | D:1      | Reached XP level 3. HP: 24/25 MP: 0/0
  1338 | D:1      | Learned a level 1 spell: Apportation
  2313 | D:2      | Reached XP level 4. HP: 26/31 MP: 0/0
  2454 | D:2      | Identified the +2 leather armour "Guzelew" {Drain rElec
                  | MP+9 Stlth+}
  3340 | D:3      | Found a runed translucent door.
  3341 | D:3      | Noticed Crazy Yiuf
  3347 | D:3      | Killed Crazy Yiuf
  3348 | D:3      | Reached skill level 1 in Fighting
  3348 | D:3      | Reached skill level 1 in Armour
  3348 | D:3      | Reached XP level 5. HP: 33/37 MP: 0/0
  3348 | D:3      | Learned a level 2 spell: Ensorcelled Hibernation
  3456 | D:4      | Found Voimeodd's Jewellery Boutique.
  3711 | D:4      | Reached XP level 6. HP: 33/43 MP: 0/0
  4519 | D:5      | Entered Level 5 of the Dungeon
  4655 | D:5      | Noticed Eustachio
  4664 | D:5      | Killed Eustachio
  4665 | D:5      | Reached skill level 5 in Spellcasting
  4665 | D:5      | Reached XP level 7. HP: 30/50 MP: 0/0
  4665 | D:5      | Learned a level 2 spell: Static Discharge
  4832 | D:5      | Found Asaalomu's Assorted Antiques.
  4846 | D:5      | Bought a scroll of identify for 38 gold pieces
  4846 | D:5      | Bought a scroll of identify for 38 gold pieces
  4846 | D:5      | Bought a lumpy citrine amulet for 95 gold pieces
  5000 | D:5      | Noticed a water moccasin
  5004 | D:5      | Killed a water moccasin
  5027 | D:5      | Reached XP level 8. HP: 44/58 MP: 0/0
  5582 | D:6      | Reached skill level 1 in Evocations
  5673 | D:6      | Found a glowing drain.
  5680 | Sewer    | Entered a sewer
  5940 | Sewer    | Noticed Pargi
  5945 | Sewer    | Killed Pargi
  6429 | D:6      | Reached skill level 5 in Fighting
  6478 | D:6      | Reached XP level 9. HP: 37/65 MP: 0/0
  6478 | D:6      | Learned a level 4 spell: Petrify
  6809 | D:6      | Noticed Sigmund
  6816 | D:6      | Killed Sigmund
  7821 | D:7      | Noticed an unseen horror
  7836 | D:7      | Killed an unseen horror
  7837 | D:7      | Reached XP level 10. HP: 63/75 MP: 0/0
  7850 | D:7      | Reached skill level 5 in Dodging
  8124 | D:7      | Found a broken altar of Ashenzari.
  8130 | D:7      | Became a worshipper of Ashenzari the Shackled
  8140 | D:7      | Found a staircase to the Ecumenical Temple.
  8153 | Temple   | Entered the Ecumenical Temple
  8390 | D:7      | Found a white marble altar of Elyvilon.
  8391 | D:7      | Found a blossoming altar of Fedhas.
  8712 | D:8      | Reached skill level 1 in Shields
  9100 | D:8      | Reached skill level 5 in Evocations
  9155 | D:8      | Noticed Joseph
  9498 | D:8      | Killed Joseph
  9809 | D:8      | Reached XP level 11. HP: 68/84 MP: 0/0
  9809 | D:8      | Learned a level 4 spell: Passage of Golubria
 10250 | D:8      | You are sucked into a shaft and drop 2 floors!
 10250 | D:10     | Entered Level 10 of the Dungeon
 10582 | D:9      | Found an ornate altar of the Wu Jian Council.
 10612 | D:9      | Noticed a deep elf pyromancer
 10612 | D:9      | Noticed a boulder beetle
 10804 | D:8      | Found a staircase to the Lair.
 11115 | D:9      | Noticed Prince Ribbit
 11135 | D:9      | Killed Prince Ribbit
 11927 | D:9      | Reached * piety under Ashenzari
 12263 | D:9      | Noticed a manticore
 12595 | D:9      | Noticed a moth of wrath
 12601 | D:9      | Found a bloodstained altar of Trog.
 12693 | D:9      | Noticed a faun
 12695 | D:9      | Noticed a steelbarb worm
 12695 | D:9      | a faun changed into a steelbarb worm
 12711 | D:9      | Killed a manticore
 12720 | D:9      | Identified the ring of Neosetzayci {Contam rElec EV+4
                  | Str+2}
 12731 | D:9      | Killed a deep elf pyromancer
 12732 | D:9      | Reached skill level 10 in Fighting
 13824 | D:10     | Reached XP level 12. HP: 67/95 MP: 0/0
 13831 | D:10     | Reached ** piety under Ashenzari
 14205 | D:10     | Found an iron altar of Okawaru.
 14309 | D:10     | Noticed a two-headed ogre
 14320 | D:10     | Killed a two-headed ogre
 14452 | Lair:1   | Entered Level 1 of the Lair of Beasts
 14481 | Lair:1   | Found a frozen archway.
 14491 | IceCv    | Entered an ice cave
 14759 | IceCv    | Reached skill level 5 in Armour
 15687 | Lair:1   | Reached skill level 5 in Shields
 16055 | Lair:1   | Reached *** piety under Ashenzari
 16124 | Lair:1   | Reached skill level 10 in Spellcasting
 17016 | Lair:1   | Noticed a deep troll
 17077 | Lair:1   | Killed a deep troll
 17533 | Lair:2   | Noticed a seven-headed hydra
 17549 | Lair:2   | Killed a seven-headed hydra
 18594 | Lair:2   | Reached XP level 13. HP: 79/108 MP: 0/0
 18594 | Lair:2   | Learned a level 5 spell: Borgnjor's Vile Clutch
 18630 | Lair:2   | Noticed Amaemon
 18641 | Lair:2   | Killed Amaemon
 18646 | Lair:2   | Noticed a four-headed hydra
 18653 | Lair:2   | Reached skill level 1 in Axes
 18661 | Lair:2   | Killed a four-headed hydra
 19152 | Lair:2   | Reached skill level 1 in Throwing
 19749 | Lair:3   | Found a staircase to the Shoals.
 19956 | Lair:3   | Noticed a five-headed hydra
 19964 | Lair:3   | Killed a five-headed hydra
 20048 | Lair:3   | Noticed a six-headed hydra
 20061 | Lair:3   | Killed a six-headed hydra
 20424 | Lair:3   | Found a staircase to the Snake Pit.
 20649 | Lair:3   | Reached **** piety under Ashenzari
 21101 | Lair:4   | Found a staircase to the Slime Pits.
 21179 | Lair:4   | Reached ***** piety under Ashenzari
 21706 | Lair:4   | Noticed Sonja
 21707 | Lair:4   | Noticed an eight-headed hydra
 21713 | Lair:4   | Killed Sonja
 21718 | Lair:4   | Killed an eight-headed hydra
 21719 | Lair:4   | Reached skill level 1 in Ranged Weapons
 21720 | Lair:4   | Reached XP level 14. HP: 93/121 MP: 0/0
 23069 | D:12     | Found a gate leading to a gauntlet.
 23201 | D:12     | Noticed Azrael
 23209 | D:12     | Killed Azrael
 24081 | D:11     | Identified the +7 war axe of Xotisic {vorpal, Contam *Slow
                  | rC+++ Int+3}
 24764 | D:12     | Noticed Psyche
 24769 | D:12     | Killed Psyche
 24785 | D:12     | Identified the cursed +0 cloak "Gaze Upon Infinity" {Evo,
                  | Cun} (You took it off Crazy Yiuf on level 3 of the Dungeon)
 24785 | D:12     | Identified the cursed +2 helmet of the Fated Limitation
                  | {Self, Melee} (You found it on level 5 of the Dungeon)
 24785 | D:12     | Identified the cursed +0 pair of gloves of the Prescient
                  | Regret {Self, Melee} (You found it on level 6 of the
                  | Dungeon)
 24884 | D:12     | Found a staircase to the Orcish Mines.
 24968 | D:12     | Noticed Urug
 24978 | D:12     | Killed Urug
 25223 | D:12     | Noticed Kirke
 25232 | D:12     | Killed Kirke
 26788 | Lair:5   | Entered Level 5 of the Lair of Beasts
 27196 | Lair:5   | Reached XP level 15. HP: 118/125 MP: 0/0
 27196 | Lair:5   | Learned a level 6 spell: Conjure Ball Lightning
 27892 | Lair:5   | Reached skill level 15 in Fighting
 28129 | Lair:5   | Found an iron altar of Okawaru.
 28149 | Lair:5   | Identified the +7 falchion of Amorous Responsibility
                  | {flame, Drain rElec rF- rN++}
 29446 | Orc:1    | Entered Level 1 of the Orcish Mines
 29446 | Orc:1    | Noticed Nergalle
 29452 | Orc:1    | Killed Nergalle
 29683 | Orc:1    | Found Vaunn's Jewellery Boutique.
 29887 | Orc:2    | Entered Level 2 of the Orcish Mines
 30990 | Orc:2    | Found Cuyskuz's Distillery.
 30994 | Orc:2    | Bought a potion of resistance for 100 gold pieces
 31389 | Orc:2    | Found Caacwucw's Antique Armour Shoppe.
 31719 | Orc:2    | Identified the +1 leather armour of Hiculug {rPois rC+
                  | Int+3 Slay+2}
 31888 | Orc:2    | Found a staircase to the Elven Halls.
 32435 | Orc:2    | Noticed an orc warlord
 32445 | Orc:2    | Killed an orc warlord
 32446 | Orc:2    | Reached XP level 16. HP: 80/140 MP: 0/0
 33039 | Orc:2    | Found Tekicam's Weapon Shoppe.
 33382 | Orc:2    | Found Zeurph's Antique Weapon Boutique.
 33838 | Orc:2    | Bought a potion of heal wounds for 50 gold pieces
 33838 | Orc:2    | Bought a potion of invisibility for 80 gold pieces
 33838 | Orc:2    | Bought a potion of heal wounds for 50 gold pieces
 34462 | Snake:1  | Entered Level 1 of the Snake Pit
 36330 | Snake:1  | Reached ****** piety under Ashenzari
 36659 | Orc:1    | Bought the ring of Sel Cue {rElec Int+3 Dex+2 Slay+4} for
                  | 1322 gold pieces
 38424 | Snake:3  | Reached XP level 17. HP: 143/155 MP: 0/0
 38424 | Snake:3  | Learned a level 7 spell: Ozocubu's Refrigeration
 40187 | Shoals:1 | Entered Level 1 of the Shoals
 41436 | Shoals:2 | Noticed Mlioglotl
 41674 | Shoals:1 | Killed Mlioglotl
 41992 | Shoals:2 | Noticed Nikola
 41997 | Shoals:2 | Killed Nikola
 42016 | Shoals:2 | Reached skill level 10 in Armour
 42028 | Shoals:2 | Noticed Frances
 42336 | Shoals:2 | Killed Frances
 42579 | Shoals:2 | Found the +2 hat of the Bear Spirit {Spirit, *Rage Will++}
 42667 | Shoals:2 | Reached skill level 10 in Shields
 43357 | Shoals:3 | Noticed Mara
 43553 | Shoals:3 | Noticed Jorgrun
 43557 | Shoals:3 | Killed Mara
 43558 | Shoals:3 | Killed Jorgrun
 43558 | Shoals:3 | Noticed Bai Suzhen
 43559 | Shoals:3 | Reached XP level 18. HP: 80/165 MP: 0/0
 44708 | Shoals:3 | Killed Bai Suzhen
 44709 | Shoals:3 | Reached skill level 15 in Spellcasting
 45889 | Snake:4  | Entered Level 4 of the Snake Pit
 48587 | Snake:4  | Reached XP level 19. HP: 155/172 MP: 0/0
 48587 | Snake:4  | Learned a level 7 spell: Dragon Form
 49062 | Snake:4  | Got a serpentine rune of Zot
 49517 | Shoals:4 | Entered Level 4 of the Shoals
 49560 | Shoals:4 | Found Ruxut's Weapon Boutique.
 49904 | Shoals:4 | Reached skill level 1 in Unarmed Combat
 49935 | Shoals:4 | Reached skill level 10 in Dodging
 50500 | Shoals:4 | Found Jyniucef's Armour Emporium.
 51160 | Shoals:4 | Got a barnacled rune of Zot
 51217 | Shoals:4 | Found Sairudghu's Book Boutique.
 51236 | Shoals:4 | Found Qitir's Weapon Shop.
 51298 | Shoals:4 | Found Vaurun's Weapon Shop.
 52433 | D:13     | Noticed Josephine
 52437 | D:13     | Killed Josephine
 53734 | D:14     | Found a gate to the Vaults.
 53899 | D:15     | Entered Level 15 of the Dungeon
 54493 | D:15     | Found a staircase to the Depths.
 54748 | D:15     | Found a sacrificial altar of Ru.
 55340 | Vaults:1 | Entered Level 1 of the Vaults
 55388 | Vaults:1 | Noticed a dread lich
 55394 | Vaults:1 | Killed a dread lich
 55395 | Vaults:1 | Reached XP level 20. HP: 127/181 MP: 0/0
 55706 | Vaults:1 | Identified the +3 pair of boots "Inuumiakh" {rPois rF+
                  | Dex+3}
 58951 | Vaults:2 | Found a staircase to the Crypt.
 59602 | Vaults:2 | Identified the +8 glaive of Qofusavu {vorpal, Str+3}
 60665 | D:4      | Bought the ring "Agidonag" {rF+ rC++ Will- Int+8} for 745
                  | gold pieces
 61109 | Vaults:3 | Found a crumbling gateway.
 61117 | Desolati | Entered the Desolation of Salt
 61167 | Desolati | Reached XP level 21. HP: 87/184 MP: 0/0
 61167 | Desolati | Learned a level 7 spell: Haunt
 61748 | Desolati | Identified the +1 spear "Beshekh" {vorpal, Dex+3}
 61767 | Desolati | Identified the ring of Piaj {rCorr AC+4 Str+2}
 62266 | Desolati | Identified the Anthology of the Iceberg
 62273 | Desolati | Identified the Omnibus of Diablerie and the Storm
 62273 | Desolati | Identified the Treatise on Congregated Evil Liturgies
 62520 | Desolati | Identified the Verses on Inconstant Misery
 65551 | Vaults:3 | Reached XP level 22. HP: 160/189 MP: 0/0
 66066 | Vaults:4 | Found a magical portal.
 66088 | WizLab   | Entered The Chambers of the Cloud Mage
 66926 | WizLab   | Paralysed by an air elemental for 1 turns
 66995 | WizLab   | Paralysed by an air elemental for 1 turns
 67073 | WizLab   | Identified the Vellum of Lightning
 67167 | WizLab   | Paralysed by an air elemental for 1 turns
 67495 | WizLab   | Paralysed by an air elemental for 1 turns
 69879 | Elf:1    | Entered Level 1 of the Elven Halls
 70090 | Elf:1    | Paralysed by an air elemental for 1 turns
 71061 | Elf:1    | Paralysed by an air elemental for 1 turns
 71093 | Elf:1    | Found a gateway to a bazaar.
 71100 | Bazaar   | Entered a bazaar
 71100 | Bazaar   | Found Siulaov's Distillery.
 71100 | Bazaar   | Found Cebotano's Assorted Antiques.
 71100 | Bazaar   | Found Qoshihus's General Store.
 71102 | Bazaar   | Found Imobaela's Antique Weapon Shop.
 71269 | Bazaar   | Bought a scroll of blinking for 270 gold pieces
 71280 | Bazaar   | Bought a potion of haste for 120 gold pieces
 71283 | Bazaar   | Bought an iridescent mace for 216 gold pieces
 71283 | Bazaar   | Identified the +11 mace of Qyscheam {drain, rCorr} (You
                  | bought it in a shop in a bazaar)
 71291 | Bazaar   | Bought a glowing plate armour for 936 gold pieces
 71426 | Elf:1    | Noticed Asterion
 71436 | Elf:1    | Killed Asterion
 72196 | Elf:2    | Reached XP level 23. HP: 176/192 MP: 0/0
 72196 | Elf:2    | Learned a level 8 spell: Necromutation
 72795 | Elf:2    | Identified the +2 pair of gloves of Truth {+Blink rC-
                  | Str+4}
 73006 | Elf:2    | Found a runed translucent gate.
 73006 | Elf:2    | Found a runed translucent gate.
 73006 | Elf:2    | Found a runed translucent gate.
 74100 | Elf:3    | Entered Level 3 of the Elven Halls
 75613 | Elf:3    | Identified the +0 robe "Put-Me-On" {rCorr}
 76038 | Elf:3    | Identified the ring "Ycoankao" {rN+ Will+ Dex+6}
 76109 | Elf:3    | Identified the amulet "Dauwk" {rF+ Regen+ SInv Stlth+}
 76732 | Elf:3    | Identified the +8 arbalest "Tugax" {vorpal, Int+3}
 76741 | Elf:3    | Identified the +1 sling "Gityve" {flame, rC++ Int+2 Dex-5}
 76828 | Elf:3    | Identified Zunoqyl's Incunabulum of the Caves and Battle
                  | Magic
 77601 | Slime:1  | Entered Level 1 of the Pits of Slime
 77641 | Slime:2  | Reached XP level 24. HP: 142/202 MP: 0/0
 78666 | Slime:5  | Entered Level 5 of the Pits of Slime
 79014 | Slime:5  | Reached skill level 5 in Stealth
 79294 | Slime:5  | Gained mutation: You are weak. (Str -2) [a shining eye]
 79421 | Slime:5  | Noticed the Royal Jelly
 79544 | Slime:5  | Gained mutation: You are occasionally teleported next to
                  | monsters. [a shining eye]
 79547 | Slime:5  | Lost mutation: You are occasionally teleported next to
                  | monsters. [potion of mutation]
 79547 | Slime:5  | Lost mutation: You are weak. (Str -2) [potion of mutation]
 79547 | Slime:5  | Gained mutation: You occasionally shout uncontrollably at
                  | your foes. [potion of mutation]
 79547 | Slime:5  | Gained mutation: You have a pair of small horns on your
                  | head. [potion of mutation]
 80669 | Slime:5  | Identified a scroll of acquirement
 80670 | Slime:5  | Identified the ring of Cauh Paq {rPois rN+ rCorr Dex+4}
 80672 | Slime:5  | Found a viscous altar of Jiyva.
 80674 | Slime:5  | Identified the +3 hand axe "Osijit" {vamp, rN+}
 80676 | Slime:5  | Identified the +8 whip "Plog" {holy, rF+}
 80860 | Slime:5  | Killed the Royal Jelly
 81440 | Slime:5  | Identified the +5 plate armour of Fatara {Int+3 Dex+2 SInv}
 81606 | Slime:5  | Got a slimy rune of Zot
 81971 | Depths:1 | Entered Level 1 of the Depths
 82381 | Depths:1 | Found a gateway to Hell.
 82383 | Depths:1 | Found a portal to a secret trove of treasure.
 82897 | Depths:1 | Identified the +7 dagger of Beogh's Grace {antimagic, *Slow
                  | Str+7 SInv}
 82897 | Depths:1 | Identified A Primer on the Arcane Arts
 82940 | Depths:1 | Found a one-way gate to the infinite horrors of the Abyss.
 82993 | Depths:1 | Noticed the Enchantress
 83009 | Depths:1 | Killed the Enchantress
 83268 | Depths:1 | Found a glowing golden altar of the Shining One.
 83290 | Depths:1 | Noticed Saint Roka
 83306 | Depths:1 | Killed Saint Roka
 83584 | Depths:1 | Found a burning altar of Makhleb.
 83719 | Depths:1 | Acquired the ring of Moral Flaws {+Blink rC+ Int+4 Dex+6}
 83975 | Depths:2 | Reached skill level 15 in Dodging
 84494 | Depths:2 | Reached XP level 25. HP: 160/214 MP: 0/0
 84494 | Depths:2 | Learned a level 8 spell: Summon Horrible Things
 85740 | Depths:2 | Found a one-way gate leading to the halls of Pandemonium.
 87043 | Depths:1 | You paid a toll of +6 storm dragon scales to enter a
                  | treasure trove
 87044 | Trove    | Entered a treasure trove
 87128 | Trove    | Reached skill level 5 in Unarmed Combat
 87128 | Trove    | Reached XP level 26. HP: 220/220 MP: 0/0
 87253 | Depths:3 | Noticed Grunn
 87264 | Depths:3 | Killed Grunn
 88516 | Depths:3 | Noticed Margery
 88518 | Depths:3 | Reached skill level 15 in Armour
 88870 | Depths:3 | Killed Margery
 89089 | Depths:3 | Noticed Jory
 89104 | Depths:3 | Killed Jory
 89324 | Depths:2 | Acquired the ring of Naowny {rN++ rCorr Int+2 Dex-2}
 89377 | Depths:3 | Found a one-way gateway to a ziggurat.
 89397 | Depths:3 | Noticed Boris
 89419 | Depths:3 | Killed Boris
 89981 | Hell     | Entered the Vestibule of Hell
 89981 | Hell     | Noticed Geryon
 89994 | Hell     | Killed Geryon
 90707 | Hell     | Reached XP level 27. HP: 153/228 MP: 0/0
 90707 | Hell     | Learned a level 9 spell: Dragon's Call
 91168 | Depths:4 | Entered Level 4 of the Depths
 92103 | Depths:4 | Found a gate to the Realm of Zot.
 92350 | Zot:1    | Entered Level 1 of the Realm of Zot
 93053 | Zot:1    | Reached skill level 10 in Stealth
 93385 | Depths:4 | Identified the cursed +2 cloak "Yoke of Ashenzari" {Fort,
                  | Cun} (You took it off Nikola on level 2 of the Shoals)
 93385 | Depths:4 | Identified the cursed +2 pair of gloves of Supernal Wisdom
                  | {Fort, Evo} (You took it off Nikola on level 2 of the
                  | Shoals)
 93385 | Depths:4 | Identified the cursed +1 tower shield of the Fated Ordeal
                  | {AC+3, Cun, Self} (You took it off a naga warrior on level
                  | 2 of the Snake Pit)
 93385 | Depths:4 | Identified the cursed +4 plate armour of the Eye in the Sky
                  | {Will+, Evo, Self} (You found it on level 9 of the Dungeon)
 95423 | Zot:2    | Noticed a Killer Klown
 95425 | Zot:2    | Noticed a Killer Klown
 95429 | Zot:2    | Killed a Killer Klown
 95430 | Zot:2    | Killed a Killer Klown
 95730 | Zot:2    | Noticed a Killer Klown
 95733 | Zot:2    | Killed a Killer Klown
 95840 | Zot:2    | Reached skill level 15 in Shields
 95941 | Zot:2    | Identified the ring "Ynemasaruf" {Wiz rF++ Str-4}
 95997 | Zot:2    | Found a shimmering altar of Xom.
 95997 | Zot:2    | Found a shimmering altar of Xom.
 95998 | Zot:2    | Found a shimmering altar of Xom.
 96005 | Zot:2    | Noticed an orb of fire
 96011 | Zot:2    | Noticed an orb of fire
 96021 | Zot:2    | HP: 9/228 [orb of fire/fireball (33)]
 96029 | Zot:2    | HP: 8/228 [orb of fire/fireball (15)]
 96597 | Zot:3    | Killed from afar by a purple draconian

Illustrated notes

Levels and vault maps discovered:
D:1:      dpeg_arrival_tiny_b, layout_loops_corners,
          shapermc_ecumenical_altar_flowoftime, minmay_crystal_room
D:2:      cheibrodos_old_hovel, layout_basic, palyth_stone_intersect,
          minmay_misc_feat_roman, chequers_serial_rivers_micro_a
D:3:      layout_rooms, uniq_crazy_yiuf_cottage
D:4:      layout_rooms, serial_shops, shop
D:5:      layout_loops_ring, serial_glass, glass_columns_c, glass_columns_a,
          serial_shops, nicolae_shop_crystal, uniq_eustachio
D:6:      kennysheep_six_static_rooms, layout_rooms, portal_sewer_entry_e,
          uniq_sigmund
D:7:      layout_rooms, mainiacjoe_overflow_catwalk_spiral,
          nicolae_overflow_squiral, minmay_temple_entry_offerings
D:8:      layout_basic, erik_lair_island, serial_undead, serial_undead_e,
          serial_undead_a, serial_undead_b, serial_undead_a,
          grunt_ministairs_12, uniq_joseph
D:9:      layout_long_grid, tgw_trog, mainiacjoe_overflow_six_doors_small,
          minmay_misc_feat_more_columns, minmay_diamond_spiral,
          uniq_prince_ribbit1
D:10:     layout_loops_ring, okawaru_gym_becter
D:11:     layout_loops_ring, grunt_ministairs_9
D:12:     layout_basic, david_orc_3, gauntlet_entry_generic, uniq_urug,
          uniq_psyche, uniq_azrael, uniq_kirke
D:13:     layout_big_octagon, bh_walls_and_bars, uniq_josephine
D:14:     layout_irregular_city, david_vaults_2, hangedman_decor_cross_pass
D:15:     gammafunk_depths_entry_grave, layout_basic, hangedman_ru_absence
Temple:   hellmonk_temple_two_chambers
Lair:1:   dreamdust_cave_troll, layout_regular_city,
          portal_ice_cave_entry_pillars_1, minivault_23, st_stairs_12
Lair:2:   layout_roguey, infiniplex_staircase_pool, uniq_amaemon
Lair:3:   layout_gridlike, minmay_shoals_entry_lonely_mermaid,
          guppyfry_snake_entry_garden
Lair:4:   layout_regular_city, slime_entry_1, st_stairs_8, serial_bayou_lake_a,
          uniq_sonja
Lair:5:   gammafunk_lair_ancient_temple, layout_cave_pods, basic_altar,
          lemuel_fruit_tree
Shoals:1: layout_shoals
Shoals:2: layout_shoals, uniq_frances, uniq_mlioglotl, uniq_nikola
Shoals:3: layout_shoals, uniq_bai_suzhen, uniq_mara, uniq_jorgrun
Shoals:4: shoals_end_grunt_ice, layout_shoals, serial_shops,
          nicolae_shop_hallway_plus, shop, nicolae_shop_bloodbath_and_beyond,
          nicolae_shop_statue_plus, shop
Snake:1:  layout_onion_interference, serial_bayou_shore_b
Snake:2:  layout_misc_corridors, basic_altar, drop_trap
Snake:3:  layout_cave_town
Snake:4:  grunt_snake_rune_pools, layout_cave_town
Slime:1:  layout_caves
Slime:2:  cheibrodos_slime_lost_civilization_10, layout_caves
Slime:3:  layout_caves
Slime:4:  layout_caves
Slime:5
Orc:1:    layout_caves, serial_shops, shop_coins, uniq_nergalle
Orc:2:    pubby_orc_utopia
Elf:1:    minmay_elf_arrival_circle, layout_geoelf_grid, serial_shops,
          bzr_entry_road, minivault_28, einodemon_barbed_minivault,
          uniq_asterion
Elf:2:    nicolae_elf_blades_crystal_corner, layout_gridlike, basic_altar,
          nicolae_elf_martial_mastery
Elf:3:    minmay_elf_hall_spiked, layout_geoelf_diagonals,
          minmay_misc_feat_ornament, grunt_megastairs_4
Vaults:1: vaults_room_door_hall, hangedman_vaults_cutoff,
          nicolae_vaults_yaktaur_gun_rack, nicolae_vaults_network_square,
          dpeg_vaults_monster_box, nicolae_vaults_bisected_inception,
          vaults_room_hangedman_quadrants, vaults_mumra_minichess,
          nicolae_vaults_little_squares_4, vaults_room_grid,
          nicolae_vaults_specimen_jars, grunt_vaults_bifocal, vaults_room_pools,
          v_misc_16, layout_vaults_maze_bifur
Vaults:2: minmay_crypt_entry_simple_walls, v_misc_33, v_misc_3, kb_rosetta,
          grunt_vaults_focal, ontoclasm_vaults_ring_small,
          hangedman_vaults_nails, vaults_mumra_hexcomb, v_misc_16,
          layout_vaults_omnigrid
Vaults:3: portal_desolation_entry_nicolae_nacl, vaults_dpeg_cross,
          dpeg_vaults_hating_casters, nicolae_vaults_stairing_the_circle,
          nicolae_vaults_arrows, v_misc_16, nicolae_vaults_network_periphery,
          v_misc_11, nicolae_vaults_angled_halls,
          nicolae_vaults_border_crossing, layout_vaults_omnibox
Vaults:4: lightli_enter_wizlab_magi_temple, vaults_room_semicircle, v_pattern_3,
          hangedman_vaults_unwind, nicolae_vaults_sealed_display,
          hangedman_vaults_river_flow, v_alt_pattern_2, ontoclasm_vaults_bender,
          v_misc_17, ontoclasm_vaults_chip, grunt_vaults_hallway_long,
          grunt_vaults_diagonal, layout_vaults_big_cross
Depths:1: minmay_expanding_squares, layout_cave_shapes,
          hangedman_abyss_entry_splay, hangedman_decor_diamond_cutter,
          hell_entry, enter_trove_3, nzn_life_drinkers, uniq_enchantress,
          uniq_saint_roka
Depths:2: minmay_mutant_horseshoe, layout_gridville, pan_entry,
          grunt_hell_horde, nicolae_integral_box, infiniplex_staircase_river
Depths:3: dreamdust_cat_pyramid, layout_gridlike, enter_ziggurat_d,
          abyss_entry_crystal, hellmouth_3, uniq_jory, uniq_margery, uniq_boris,
          uniq_grunn
Depths:4: grunt_zot_entry_gee_three, layout_honeycomb, pf_hell_entry_tar_spiral,
          abyss_entry, nicolae_dithmenos_through_a_glass_darkly
Hell
Zot:1:    layout_concentric_octagons
Zot:2:    dreamdust_zin_vs_xom, layout_misc_corridors, nicolae_lava_and_water,
          lemuel_lake_of_fire
Zot:3:    grunt_twist_and_shout, layout_onion, hangedman_zot_wheel_spokes

Skill      XL: |  1  2  3  4  5  6  7  8  9 10 11 12 13 14 15 16 17 18 19 20 21 22 23 24 25 26 27 |
---------------+----------------------------------------------------------------------------------+-----
Spellcasting   | 4 5 6 7 8 9 10 11 12 13 14 15 16 17 18 19 20 21 | 21.4
Fighting       | 1 2 3 5 7 8 10 12 13 14 15 16 17 18 19 21 | 21.6
Armour         | 1 2 3 4 5 6 7 8 9 10 12 13 14 15 16 | 16.5
Evocations     | 2 3 5 6 |  6.5
Dodging        | 3 4 5 6 7 9 11 12 13 14 15 16 17 | 17.6
Shields        | 2 4 5 6 7 8 9 10 11 12 13 15 | 15.0
Axes           | 1 |  1.0
Throwing       | 1 2 |  2.0
Ranged Weapons | 1 2 |  2.0
Stealth        | 2 4 6 7 9 10 | 10.0
Unarmed Combat | 4 5 6 |  6.5

Action                   |  1- 3 |  4- 6 |  7- 9 | 10-12 | 13-15 | 16-18 | 19-21 | 22-24 | 25-27 || total
-------------------------+-------+-------+-------+-------+-------+-------+-------+-------+-------++-------
Melee: War axe           |     1 |     5 |     7 |    19 |     5 |     7 |     4 |       |       ||    48
       Falchion          |       |       |       |       |       |       |       |    17 |     2 ||    19
       Headbutt          |       |       |       |       |       |       |       |     4 |     1 ||     5
Throw: Boomerang         |       |       |       |     2 |       |     1 |       |     2 |       ||     5
 Cast: Magic Dart        |    77 |    42 |    38 |    39 |    48 |    30 |       |     7 |     1 ||   282
       Searing Ray       |       |    17 |    31 |    46 |    47 |    43 |    32 |    21 |     4 ||   241
       Fulminant Prism   |       |     6 |    44 |   237 |   331 |   293 |   389 |   309 |   156 ||  1765
       Iskenderun's Myst |       |       |     2 |    11 |    51 |    83 |   160 |   190 |    47 ||   544
       Ensorcelled Hiber |       |       |       |     6 |     3 |    11 |     3 |     2 |       ||    25
       Petrify           |       |       |       |     2 |     1 |     1 |       |       |       ||     4
       Borgnjor's Vile C |       |       |       |       |    46 |   117 |    70 |    96 |   158 ||   487
       Conjure Ball Ligh |       |       |       |       |     1 |     1 |       |       |       ||     2
       Ozocubu's Refrige |       |       |       |       |       |    66 |    91 |   168 |    57 ||   382
       Apportation       |       |       |       |       |       |       |     1 |       |       ||     1
       Haunt             |       |       |       |       |       |       |       |    18 |       ||    18
       Summon Horrible T |       |       |       |       |       |       |       |       |    61 ||    61
       Dragon Form       |       |       |       |       |       |       |       |       |     1 ||     1
Invok: Curse Item        |       |       |       |     5 |     4 |     5 |     2 |     4 |     1 ||    21
       Shatter the Chain |       |       |       |       |     2 |     4 |     2 |     3 |     1 ||    12
Evoke: Wand              |       |       |     6 |    26 |    15 |       |     8 |       |     5 ||    60
  Use: Scroll            |       |     4 |     8 |    16 |     4 |     1 |     4 |    15 |    11 ||    63
       Potion            |       |       |     2 |     3 |     1 |     5 |     8 |     5 |    12 ||    36
 Stab: Sleeping          |       |       |     1 |       |       |       |       |       |       ||     1
Armor: Robe              |       |     1 |       |       |       |       |       |       |       ||     1
       Leather armour    |       |     1 |    15 |    43 |    17 |       |       |       |       ||    76
       Plate armour      |       |       |       |       |     7 |    73 |    53 |   117 |    46 ||   296
Dodge: Dodged            |     5 |     6 |    56 |   141 |    75 |    68 |    46 |    65 |    30 ||   492
Block: Kite shield       |       |       |       |    31 |    58 |    25 |       |       |       ||   114
       Tower shield      |       |       |       |       |       |   144 |   145 |   207 |   101 ||   597
       Reflection        |       |       |       |       |       |       |       |    54 |     7 ||    61
